 Dungeon Crawl Stone Soup version 0.31-a0-626-g8143ab4f1d (webtiles) character file.

Game seed: 5226290198877969791

22 ytrimaz the Ruffian (level 2, -2/27 HPs)
             Began as an Octopode Shapeshifter on Aug 24, 2023.
             Slain by a goblin
             ... wielding a +0 club
             ... led by Robin
              (3 damage)
             ... on level 2 of the Dungeon.
             The game lasted 00:01:02 (598 turns).

ytrimaz the Ruffian (Octopode Shapeshifter)          Turns: 598, Time: 00:01:03

Health: -2/27      AC: 21    Str: 14    XL:     2   Next: 91%
Magic:  2/2        EV:  2    Int: 10    God:
Gold:   50         SH:  0    Dex: 12    Spells: 1/1 levels left

rFire   . .          .
                       - Unarmed
rCold   . . .        (no shield)
rNeg    . . .        (helmet currently unavailable)
rPois   +            (no amulet)
rElec   .            (no ring)
rCorr   .            (no ring)
SInv    .            (no ring)
Will    .....        (no ring)
Stlth   +            (no ring)
HPRegen 0.24/turn    (no ring)
MPRegen 0.08/turn    (no ring)
                     (no ring)

%: no passive effects
@: tree-form, weak-willed
A: stationary, stasis, torment immunity, boosted hp, almost no armour,
(amphibious), 8 rings, (camouflage 1), (gelatinous body 1), (nimble swimmer 1),
(tentacles), (beak), sense surroundings 1
a: no special abilities


You were on level 2 of the Dungeon.
You were a tree.
You visited 1 branch of the dungeon, and saw 2 of its levels.

You collected 50 gold pieces.


Innate Abilities, Weirdness & Mutations

You are a tree.
Your roots penetrate the ground, keeping you stationary.
You cannot be teleported.
You are immune to unholy pain and torment.
Your maximum health is greatly increased.
You cannot wear most types of armour.
((You are amphibious.))
You can wear up to eight rings at the same time.
((Your skin changes colour to match your surroundings (Stealth+).))
((Your rubbery body absorbs attacks. (AC +1, EV +1)))
((You are camouflaged when in or above water. (Stealth+)))
((You have tentacles for arms and can constrict up to eight enemies at once.))
((You have a beak for a mouth.))
You passively map a small area around you.


   Skills:
 - Level 1.0 Fighting
 - Level 2.0 Dodging
 + Level 3.5 Unarmed Combat
 + Level 3.4 Shapeshifting


You had one spell level left.
You didn't know any spells.
Your spell library was empty.

Inventory:

Talismans
 b - a beast talisman
 c - a flux talisman
Scrolls
 f - a scroll of teleportation
Potions
 a - 3 potions of lignification
 d - a potion of heal wounds

Dungeon Overview and Level Annotations

Branches:
Dungeon (2/15) Zot: 11403

Altars:

Annotations:
D:2 Robin, Sigmund

,*,*,,***,,***,* *,* *,* *,**,
,,,,,,***..###.#####.###*,* *,*,,
,*,,,,,,,..###.#####.###*,* *,**,
,,,,,,,,,b..##.#####.###*,* *,,**
,****,***#..##.###.....#*.* **,,,
,* *,* #..##.###.....#..******,
,* *,* #..##.###.....$..,,,,,,,
** *,** #?.#..g##.....#,,,,,,,,,
* *,,* #....gg♣#.....#,,******* *
**,* #....gggg{..###,,* * *,*
##...gg.#######,,**** * *,*
##.#...#####...,,,,,* * *,*
##.##.######.##,,**,* * *,*
##.##.######.##,,**,**** *
*,**##.##.######.##,,**,*,,,
******,,,...##.######.##,,,,,,,,,
,,,,,,,,***,**,******,**,***,*,*,


You could see Robin (weak-willed), a hobgoblin (strong, weak-willed) and 7
goblins.


Message History

The goblin hits you but does no damage.
The hobgoblin hits you but does no damage.
The goblin hits you but does no damage. x3 😱 HP[+1]
You now have 27 max hp (+9).
Unknown command.
It was a potion of heal wounds.
You feel much better. The goblin barely misses you. x2
The hobgoblin hits you but does no damage.
The goblin hits you but does no damage. x2
Sigmund gestures wildly while chanting.
Sigmund flickers and vanishes!
Deactivating autopickup; reactivate with Ctrl-A. 😎 HP[+24]
Your hp is fully restored (27).
Unknown command.
It was a potion of mutation.
You feel extremely strange.
You feel a strange attunement to the structure of the dungeons.
Your mouth lengthens and hardens into a beak!
The goblin hits you with a +0 dagger.
The goblin hits you but does no damage. x3
The hobgoblin barely misses you. Something hits you. 😕 HP[-6]
You take 6 damage, and now have 21/27 hp.
MASSIVE DAMAGE!! (PAUSE) Unknown command.
Unknown command.
Unknown command.
As you read the scroll labelled TEYBEW DEPUDD, it crumbles to dust.
Magic quickly surges around you.
It was a scroll of vulnerability.
The goblin hits you but does no damage. x2
The hobgoblin hits you but does no damage.
The goblin hits you with a +0 club. The goblin hits you but does no damage.
Something hits you. 😮 HP[-1]
You take 1 damage, and now have 20/27 hp.
Unknown command.
As you read the scroll labelled PYUCRY IQATHI, it crumbles to dust.
You feel a strange sense of stasis.
It was a scroll of teleportation.
The goblin hits you but does no damage. x2
The hobgoblin hits you but does no damage.
The goblin hits you but does no damage. x2
As you read the scroll labelled DAEROCSOAN, it crumbles to dust.
You feel aware of your surroundings.
You sensed 2 shops/portals.
It was a scroll of revelation.
A bat comes into view.
The goblin hits you but does no damage. The hobgoblin completely misses you.
The goblin hits you but does no damage. The goblin hits you with a +0 dagger.
The goblin hits you but does no damage.
Sigmund hits you from afar with a +0 scythe.
* * * LOW HITPOINT WARNING * * *
😨 HP[-8]
You take 8 damage, and now have 12/27 hp.
MASSIVE DAMAGE!! (PAUSE)
As you read the scroll labelled GOTAEM TOKLIN, it crumbles to dust.
You feel a surge of unholy energy.
The goblin convulses! x5
The hobgoblin convulses!
Sigmund convulses!
The goblin convulses! x2
Robin convulses!
The goblin convulses!
It was a scroll of torment.
The goblin no longer looks unusually strong.
The goblin completely misses you. The goblin hits you but does no damage.
The hobgoblin completely misses you. The goblin hits you but does no damage.
The goblin hits you with a +0 dagger.
* * * LOW HITPOINT WARNING * * *
Something hits you but does no damage. 😨 HP[-3]
You take 3 damage, and now have 9/27 hp.
Unknown command.
As you read the scroll labelled TESAUT NUMANLU, it crumbles to dust.
It is a scroll of identify.
You don't currently have any unidentified items.
The goblin no longer looks unusually strong. x2
The goblin hits you but does no damage. x2
The hobgoblin hits you but does no damage.
The goblin hits you but does no damage. x2 😨 HP[+1] Unknown command.
Unknown command.
You smack the goblin!
You kill the goblin!
The goblin hits you but does no damage. The hobgoblin barely misses you.
The goblin hits you but does no damage. x2; Something hits you!
* * * LOW HITPOINT WARNING * * *
😱 HP[-8]
You take 8 damage, and now have 2/27 hp.
MASSIVE DAMAGE!! (PAUSE)
You closely miss the goblin.
The goblin no longer looks unusually strong.
The goblin hits you but does no damage.
The hobgoblin hits you but does no damage.
The goblin hits you but does no damage. x3; Something completely misses you.
Unknown command.
You closely miss the goblin.
The hobgoblin no longer looks unusually strong.
The goblin hits you but does no damage.
Robin roars a battlecry!
The goblins go into a battle-frenzy!
The goblin hits you with a +0 dagger.
* * * LOW HITPOINT WARNING * * *
The hobgoblin hits you but does no damage.
The goblin hits you but does no damage. The goblin hits you with a +0 club.
You die...

Action                     || total
---------------------------++-------
  Melee: Unarmed           ||    37
         Tentacles         ||     6
         Constrict         ||     5
    Use: Scroll            ||     5
         Potion            ||     3
   Stab: Sleeping          ||     3
 Armour: Skin              ||    48
  Dodge: Dodged            ||    43

Levels and vault maps discovered:
D:1:      tarquinn_simple_flora_water_f, layout_basic
D:2:      cheibrodos_greedy_goblins, layout_loops_ring, serial_shops, shop,
          nicolae_shop_tiny_glass, uniq_sigmund, uniq_jessica, uniq_natasha,
          uniq_robin

Notes
Turn   | Place    | Note
-------+----------+-------------------------------------------
     0 | D:1      | ytrimaz the Octopode Shapeshifter began the quest for the
                  | Orb.
     0 | D:1      | Reached XP level 1. HP: 13/13 MP: 1/1
     0 | D:1      | magus.rc [v1.9.6]
   156 | D:1      | Reached XP level 2. HP: 14/18 MP: 2/2
   580 | D:2      | Noticed Sigmund
   580 | D:2      | Noticed Robin
   587 | D:2      | HP: 2/18 [goblin/+0 dagger[Robin] (3)]
   590 | D:2      | Gained mutation: You passively map a small area around you.
                  | [potion of mutation]
   590 | D:2      | Gained mutation: You have a beak for a mouth. [potion of
                  | mutation]
   596 | D:2      | HP: 2/27 [something (8)]
   598 | D:2      | Slain by a goblin

Vanquished Creatures
  An endoplasm (D:1)
  6 goblins
  A hobgoblin (D:1)
  A kobold (D:1)
  3 quokkas (D:1)
  2 ball pythons (D:1)
  3 bats (D:1)
  3 frilled lizards (D:1)
20 creatures vanquished.

Table legend:
 A = Non-vault XP
 B = Vault XP
 C = Vault XP percentage of total XP
 D = Non-vault monster count
 E = Vault monster count
 F = Vault count percentage of total count
                 A         B        C        D         E       F
            +---------+---------+-------+---------+---------+-------
      Total |      26 |       6 |  18.8 |      17 |       3 |  15.0
            +---------+---------+-------+---------+---------+-------
        D:1 |      26 |       0 |   0.0 |      17 |       0 |   0.0
        D:2 |       0 |       6 | 100.0 |       0 |       3 | 100.0
            +---------+---------+-------+---------+---------+-------

Action                     || total
---------------------------++-------
  Melee: Unarmed           ||    37
         Tentacles         ||     6
         Constrict         ||     5
    Use: Scroll            ||     5
         Potion            ||     3
   Stab: Sleeping          ||     3
 Armour: Skin              ||    48
  Dodge: Dodged            ||    43

Illustrated notes

Table legend:
 A = Kills in this place as a percentage of kills in the entire game.
 B = Kills by you in this place as a percentage of kills by you in the entire game.
 C = Kills by friends in this place as a percentage of kills by friends in the entire game.
 D = Other kills in this place as a percentage of other kills in the entire game.
 E = Experience gained in this place as a percentage of experience gained in the entire game.
 F = Experience gained in this place divided by the number of levels of this place that you have seen.
                   A       B       C       D       E      F
               +-------+-------+-------+-------+-------+----------------------
         Total | 100.0 | 100.0 |   N/A |   N/A | 100.0 |  16.0
       Dungeon | 100.0 | 100.0 |   N/A |   N/A | 100.0 |  16.0
               +-------+-------+-------+-------+-------+----------------------

Table legend: (Time is in decaauts)
 A = Elapsed time spent in this place.
 B = Non-inter-level travel time spent in this place.
 C = Inter-level travel time spent in this place.
 D = Time resting spent in this place.
 E = Time spent auto-exploring this place.
 F = Levels seen in this place.
 G = Mean time per level.
                   A        B        C        D        E       F      G
               +--------+--------+--------+--------+--------+-----+--------+
         Total |    595 |    586 |      9 |      0 |    457 |   2 |  297.5 |
       Dungeon |    595 |    586 |      9 |      0 |    457 |   2 |  297.5 |
               +--------+--------+--------+--------+--------+-----+--------+

Top non-repeatable levels by time:
     D:1: 578 daAuts
     D:2: 17 daAuts
